Map: New Gettysburg LE

Players

Tenonee

  • Race: Terran Terran
  • League: Platinum

FIORAM - Winner!

  • Race: Zerg Zerg
  • League: Diamond

VOD

Have the link to the VOD?

Description

Time

  • Played on: July 24, 2016, 2:39 a.m.
  • Length: 16:23
Show
View Real Time Build Order
Export as new Build Order

Tenonee Terran 

Build Orders:  

Get SALT Encoding   

  12  0:01  SCV  
  13  0:13  SCV  
  14  0:21  Supply Depot  
  14  0:25  SCV  
  15  0:42  SCV  
  16  0:44  Barracks  
  16  0:47  Refinery  
  16  0:56  SCV  
  17  1:09  SCV  
  18  1:21  SCV  
  19  1:33  SCV  
  19  1:36  Barracks Reactor  
  20  1:42  Supply Depot  
  20  1:45  Orbital Command  
  20  2:00  Command Center  
  20  2:11  Factory  
  20  2:15  SCV  
  21  2:22  Marine x2  
  23  2:27  SCV  
  24  2:39  SCV  
  24  2:41  Marine  
  24  2:42  Marine  
  27  2:51  SCV  
  28  3:03  SCV  
  30  3:14  Refinery  
  30  3:15  SCV, Orbital Command  
  30  3:19  Hellion x2  
  34  3:28  SCV  
  34  3:32  Barracks Tech Lab  
  34  3:33  Starport  
  35  3:37  Barracks  
  35  3:40  SCV  
  36  3:41  SCV  
  36  3:43  Hellion  
  39  3:52  SCV  
  39  3:54  SCV  
  39  3:55  Supply Depot  
  41  4:04  Supply Depot, SCV  
  41  4:06  SCV  
  43  4:13  Hellion  
  43  4:16  SCV  
  48  4:17  Hellion  
  48  4:18  SCV  
  48  4:20  Supply Depot  
  48  4:21  Liberator  
  49  4:27  Supply Depot  
  49  4:28  SCV  
  50  4:32  SCV  
  50  4:34  Bunker  
  50  4:36  Barracks Reactor, Stimpack  
  53  4:40  SCV  
  57  4:48  SCV  
  57  4:52  SCV  
  57  4:55  Marine  
  57  4:58  Factory Tech Lab  
  58  5:00  SCV  
  58  5:04  SCV  
  60  5:13  SCV  
  61  5:15  Liberator, Refinery  
  61  5:16  SCV, Marine x3, Refinery  
  61  5:17  Command Center  
  65  5:30  Siege Tank  
  65  5:32  Medivac  
  65  5:33  Marine  
  72  5:50  Marine x2  
  72  5:51  Marine  
  75  6:03  Siege Tank  
  78  6:04  Supply Depot  
  78  6:05  Supply Depot  
  78  6:18  Supply Depot, Barracks x2  
  78  6:21  Barracks  
  78  6:22  Engineering Bay  
  78  6:24  Engineering Bay  
  78  6:25  Marine x3  
  78  6:26  SCV  
  82  6:34  Medivac  
  82  6:43  Marine  
  82  6:44  Siege Tank  
  80  6:50  SCV x2  
  82  6:56  Marine x2  
  82  6:59  Liberator  
  82  7:01  Marine  
  84  7:02  SCV  
  84  7:03  SCV  
  87  7:09  Barracks Reactor x2  
  87  7:10  Barracks Reactor  
  87  7:11  Orbital Command  
  87  7:14  Marine x2  
  89  7:16  Medivac  
  89  7:19  Marine  
  89  7:21  Widow Mine  
  97  7:23  SCV x2  
  99  7:32  Marine x2  
  99  7:36  Marine  
  102  7:48  Marine x3  
  102  7:49  Marine x3  
  102  7:50  Marine x2  
  110  7:54  Marine  
  111  8:02  Liberator  
  111  8:06  Marine x3  
  111  8:11  Marine  
  111  8:12  Marine x5  
  71  8:20  Medivac, Siege Tank  
  119  8:23  Terran Infantry Armor Level 1, Terran Infantry Weapons Level 1  
  119  8:24  Marine x3  
  127  8:29  Marine  
  127  8:30  Marine x4  
  132  8:35  Factory  
  132  8:36  Starport  
  132  8:46  Barracks  
  132  8:56  Marine  
  133  9:06  Supply Depot  
  133  9:07  Supply Depot, Armory  
  133  9:22  Liberator x2  
  133  9:25  Marine  
  133  9:26  Marine x5  
  133  9:27  Marine x3  
  96  9:33  Marine  
  96  9:35  Factory Reactor  
  96  9:37  Starport Tech Lab  
  96  9:43  Marine  
  96  9:44  Marine x3, Marauder  
  106  9:54  Liberator  
  106  10:05  Liberator x2  
  106  10:06  Marauder  
  108  10:08  Barracks Tech Lab  
  108  10:09  Marine x3  
  108  10:10  Marine  
  115  10:15  Command Center  
  115  10:20  Ghost Academy  
  115  10:27  Marauder  
  123  10:35  Marine x5  
  125  10:36  Widow Mine  
  125  10:37  Widow Mine x2, Liberator  
  134  10:45  Orbital Command  
  134  10:49  Marine x5  
  139  10:52  Supply Depot  
  141  11:04  Marine  
  141  11:05  Marine x2  
  144  11:19  Marine x2, Marauder x2  
  150  11:28  Widow Mine x2, Marine x2  
  155  11:40  Marauder  
  119  12:07  Marine x2, Marauder x2  
  115  12:12  Marine x3  
  115  12:13  Widow Mine x3, Marine  
  117  12:23  Marine x2  
  117  12:25  Marine  
  117  12:28  Marauder x2  
  113  12:47  Marine  
  113  12:50  Marine x3, Marauder x2  
  113  12:51  Marine x2  
  116  13:11  Marauder  
  118  13:16  Planetary Fortress  
  118  13:25  Terran Infantry Weapons Level 2  
  118  13:43  Marauder x2  
  122  14:04  Command Center, Marauder x2  
  122  14:05  Liberator x3  
  126  14:11  Marine x2  
  128  14:19  Marine x2  
  128  14:21  Widow Mine x3  
  145  14:25  Ghost x2  
  147  14:44  Orbital Command  
  147  14:48  Marine x4  
  151  14:54  Marauder x2  
  151  14:56  Supply Depot x2  
  155  15:03  Marine x2  
  143  15:16  Marauder  
  145  15:24  Marine x2  
  145  15:25  Marine x3, Marauder  
  137  15:47  Marine  
  137  15:48  Marine x5  
  135  15:59  Marine x2  
  133  16:05  Marine x2  
Show
View Real Time Build Order
Export as new Build Order

FIORAM Zerg - Winner!

Build Orders: Pool First 

Get SALT Encoding   

  12  0:01  Drone  
  13  0:13  Overlord  
  13  0:18  Drone  
  14  0:32  Drone x2  
  16  0:37  Drone  
  17  0:48  Spawning Pool  
  17  0:50  Drone  
  17  0:58  Drone  
  18  1:07  Drone  
  19  1:19  Hatchery  
  19  1:22  Drone  
  19  1:30  Drone  
  20  1:38  Queen  
  22  1:41  Overlord  
  22  1:59  Extractor  
  22  2:00  Drone  
  23  2:08  Drone  
  23  2:12  Drone  
  23  2:14  Hatchery  
  23  2:24  Drone  
  24  2:37  Drone x2  
  24  2:39  Queen  
  24  2:41  Drone  
  29  2:44  Drone  
  30  2:51  Spine Crawler  
  30  2:57  Zergling x2  
  30  2:58  Zergling x6  
  33  3:03  Overlord  
  33  3:22  Drone x3  
  33  3:26  Drone  
  37  3:31  Evolution Chamber  
  37  3:32  Drone x2  
  37  3:34  Evolution Chamber, Drone x2  
  37  3:40  Drone  
  37  3:41  Drone x2  
  42  3:43  Overlord  
  42  3:56  Zerg Melee Weapons Level 1  
  42  3:59  Zerg Ground Armor Level 1  
  42  4:01  Overlord  
  42  4:02  Drone x2  
  44  4:03  Drone  
  44  4:05  Extractor  
  44  4:06  Extractor  
  43  4:17  Zergling x8  
  43  4:18  Zergling x6  
  43  4:20  Drone  
  43  4:21  Drone  
  49  4:36  Drone x3  
  52  4:43  Lair  
  52  4:44  Drone  
  52  4:45  Drone x4  
  57  4:46  Overlord  
  57  4:57  Metabolic Boost  
  57  5:01  Overlord  
  57  5:14  Overlord  
  57  5:26  Extractor  
  56  5:30  Baneling Nest, Drone x2  
  56  5:31  Drone  
  49  5:53  Zerg Melee Weapons Level 2  
  49  6:07  Zergling x20  
  49  6:08  Zergling x4  
  61  6:21  Centrifical Hooks  
  61  6:22  Zergling x2  
  61  6:23  Zergling x10  
  67  6:29  Zerg Ground Armor Level 2  
  67  6:31  Zergling x4  
  67  6:32  Queen x2  
  69  6:34  Overlord  
  72  6:52  Queen  
  72  6:53  Zergling x2  
  77  6:54  Zergling x12  
  81  7:08  Pneumatized Carapace  
  81  7:09  Infestation Pit  
  80  7:33  Zergling x2  
  80  7:34  Zergling x2  
  80  7:35  Overlord x2  
  80  7:36  Overlord x6  
  81  7:54  Hive  
  81  7:55  Drone x9  
  85  8:22  Burrow  
  85  8:38  Spore Crawler  
  85  8:39  Drone x2, Spore Crawler  
  85  8:40  Drone x5  
  90  9:00  Spore Crawler x2  
  87  9:05  Extractor  
  87  9:08  Baneling x13  
  87  9:09  Extractor, Zerg Ground Armor Level 3, Zerg Melee Weapons Level 3  
  85  9:12  Adrenal Glands  
  85  9:15  Hatchery  
  84  9:21  Ultralisk Cavern  
  66  9:38  Zergling x2  
  66  9:39  Zergling x44  
  89  9:55  Drone  
  89  9:56  Drone x3  
  89  9:57  Drone x2  
  95  10:09  Chitinous Plating  
  95  10:11  Ultralisk  
  95  10:12  Ultralisk x3  
  119  10:15  Drone  
  119  10:19  Baneling x5  
  119  10:20  Baneling  
  119  10:32  Baneling x7  
  119  10:33  Zergling x10  
  119  10:34  Zergling x8  
  119  10:35  Overlord  
  128  11:06  Overlord  
  128  11:07  Overlord  
  127  11:19  Spine Crawler x2  
  127  11:20  Drone x6, Spore Crawler  
  127  11:21  Drone x2, Spore Crawler  
  127  11:23  Spine Crawler  
  130  11:30  Spine Crawler  
  98  12:13  Spire  
  75  12:38  Ultralisk x7  
  75  12:39  Extractor  
  75  12:40  Extractor  
  75  12:42  Hatchery  
  106  13:21  Spine Crawler  
  106  13:25  Zerg Flyer Weapons Level 1  
  106  13:26  Spire  
  105  13:27  Zergling x22  
  105  13:28  Zergling x34  
  132  13:58  Baneling  
  132  13:59  Baneling x15  
  132  14:00  Baneling x2  
  132  14:01  Overseer  
  132  14:16  Overseer  
  132  14:27  Spine Crawler  
  132  14:29  Spine Crawler  
  114  15:16  Mutalisk  
  114  15:17  Mutalisk x17  
Tags
 
Add a new tag
Caveats
  • Supply blocks, unpowered buildings, or Contaminate may cause inaccurate times.
  • Supply counts are checked every 10 seconds.